 Dungeon Crawl Stone Soup version 0.28.0-43-g3370ac3207 (console) character file.

Game seed: 1524264487829755380

184 Zeor the Chopper (level 5, -1/38 (50) HPs)
             Began as a Deep Dwarf Berserker on Apr 2, 2022.
             Was a Believer of Trog.
             Slain by a gnoll sergeant
             ... wielding a +1 rapier of draining
              (3 damage)
             ... on level 3 of the Dungeon.
             The game lasted 00:06:27 (1675 turns).

Zeor the Chopper (Deep Dwarf Berserker)             Turns: 1675, Time: 00:06:28

HP:   -1/38 (50)    AC:  3    Str: 22    XL:     5   Next: 36%
MP:   14/14 (5)     EV: 12    Int:  8    God:    Trog [**....]
Gold: 68            SH:  0    Dex: 12    Spells: 4/4 levels left

rFire   . . .      SeeInvis .   j - +7 whip {vamp, rPois rC- MP+9}
rCold   x . .      Faith    .   (no shield)
rNeg    . . .      Spirit   .   b - +0 animal skin
rPois   +          Reflect  .   (no helmet)
rElec   .          Harm     .   (no cloak)
rCorr   .          Rampage  .   (no gloves)
Will    .....                   h - +0 pair of boots
Stlth   +.........              (no amulet)
HPRegen 0.00/turn               (no ring)
MPRegen 0.14/turn               (no ring)

@: on berserk cooldown, slowed, heavily drained, very slow
A: damage resistance, heal wounds, sense surroundings 1, no regeneration
a: Heal Wounds, Renounce Religion, Berserk, Trog's Hand


You were on level 3 of the Dungeon.
You worshipped Trog.
Trog was pleased with you.
You visited 1 branch of the dungeon, and saw 4 of its levels.

You collected 68 gold pieces.

Inventory:

Hand Weapons
 a - a +0 hand axe
 j - the +7 whip "Cerudghiz" (weapon) {vamp, rPois rC- MP+9}
   (You found it on level 2 of the Dungeon)

   It occasionally heals its wielder for a portion of the damage dealt when it
   wounds a living foe.
   rC:        It makes you vulnerable to cold.
   rPois:     It protects you from poison.
   MP:        It affects your magic capacity (+9).
Missiles
 d - 17 arrows
 e - 10 poisoned darts
 k - 2 throwing nets (quivered)
Armour
 b - a +0 animal skin (worn)
 h - a +0 pair of boots (worn)
Scrolls
 c - a scroll of identify
 m - a scroll of teleportation
Potions
 f - a potion of heal wounds
 g - 3 potions of haste
 i - a potion of flight
 l - a potion of magic {unknown}


   Skills:
 * Level 4.0 Fighting
 + Level 4.9(5.0) Axes
 + Level 1.0(2.9) Maces & Flails
 + Level 2.4 Armour
 + Level 3.0 Dodging
 - Level 0.1 Stealth


You had 4 spell levels left.
You didn't know any spells.
Your spell library was empty.

Dungeon Overview and Level Annotations

Branches:
Dungeon (4/15)
 Temple: D:4-7

Altars:
Wu Jian


Innate Abilities, Weirdness & Mutations

You are resistant to damage.
You can heal yourself by infusing magical energy.
You passively map a small area around you.
You do not regenerate.


Message History

There is a stone staircase leading up here.
The gnoll sergeant barely misses you. x2
You climb upwards.
There is a stone staircase leading down here.
You barely miss the gnoll sergeant. The gnoll sergeant barely misses you.
You hit the gnoll sergeant.
You feel better.
The gnoll sergeant is moderately wounded.
The gnoll sergeant barely misses you.
You hit the gnoll sergeant.
The gnoll sergeant is moderately wounded.
The gnoll sergeant closely misses you.
The gnoll sergeant hits you with a +1 rapier of draining.
You feel drained.
You hit the gnoll sergeant.
You feel better.
The gnoll sergeant is heavily wounded.
The gnoll sergeant hits you with a +1 rapier of draining!
* * * LOW HITPOINT WARNING * * *
You feel drained.
You feel much better.
The gnoll sergeant hits you with a +1 rapier of draining!
You feel drained. The gnoll sergeant misses you.
You hit the gnoll sergeant but do no damage.
The gnoll sergeant is heavily wounded.
The gnoll sergeant hits you with a +1 rapier of draining.
You feel drained.
You closely miss the gnoll sergeant.
The gnoll sergeant is heavily wounded.
The gnoll sergeant hits you but does no damage.
You feel drained.
The gnoll sergeant hits you with a +1 rapier of draining!
You feel drained.
You hit the gnoll sergeant.
You feel better.
The gnoll sergeant is severely wounded.
The gnoll sergeant hits you with a +1 rapier of draining!
* * * LOW HITPOINT WARNING * * *
You feel drained.
* * * LOW HITPOINT WARNING * * *
You fail to use your ability.
The gnoll sergeant closely misses you.
The gnoll sergeant hits you with a +1 rapier of draining.
You die...

∙∙∙∙∙∙∙∙∙∙∙∙▒ ▒▒∙∙∙▒▒▒▒▒▒▒∙▒
▒▒▒∙∙∙∙∙∙∙∙∙▒ ▒▒∙∙∙∙▒∙∙∙∙∙∙▒
▒▒▒∙∙∙∙∙∙∙∙∙▒▒▒▒∙∙∙∙▒▒∙▒▒▒▒▒▒
▒∙∙∙∙▒▒▒▒▒▒▒▒▒∙∙∙∙▒∙▒▒∙▒∙∙∙∙▒
▒∙∙∙▒▒ ▒▒▒∙∙∙∙▒∙▒▒∙▒∙▒▒∙▒ ▒∙∙∙▒
▒▒▒∙∙∙∙∙∙▒∙<▒∙▒∙∙▒∙▒ ∙∙∙∙▒
▒▒▒▒∙∙∙∙∙▒∙▒▒▒∙▒∙▒▒∙▒∙▒
▒∙)∙▒▒▒∙∙∙∙∙∙▒▒▒g▒ ▒▒▒∙∙∙∙▒∙▒
▒▒∙∙∙)∙∙▒∙∙▒▒▒▒▒g▒ ▒▒▒▒▒▒▒∙▒▒▒▒▒
▒▒∙∙∙▒▒▒∙∙▒▒ ▒∙∙▒ ▒∙∙∙∙∙∙∙∙∙▒∙∙
▒▒∙∙∙▒▒▒∙▒▒ ▒∙▒▒ ▒∙∙∙▒▒∙∙∙∙∙∙∙
∙∙∙∙∙∙∙∙∙▒ ▒▒∙▒ ▒∙∙∙▒∙∙∙∙∙∙∙∙
∙▒∙▒▒▒)∙▒▒ ▒∙∙▒▒▒▒▒∙∙∙▒∙)∙∙∙∙∙∙
▒▒∙▒ ▒∙∙▒▒▒▒▒▒∙▒∙∙<∙†∙∙∙▒∙∙∙∙∙>∙∙
▒▒∙▒▒▒∙∙∙∙▒▒∙∙∙∙∙▒▒▒▒∙∙∙▒▒∙∙∙∙∙∙∙
∙∙∙▒▒∙∙▒▒∙▒▒∙∙▒▒▒▒▒▒∙∙∙∙▒▒▒∙∙∙▒∙∙
∙▒▒▒▒∙▒▒▒^∙∙∙∙▒ ▒∙∙▒▒▒▒ ▒▒▒▒▒▒▒


You could see a gnoll sergeant.

Vanquished Creatures
  A scorpion (D:4)
  6 gnolls
  An adder (D:3)
  A worm (D:3)
  3 dart slugs
  2 endoplasms
  2 giant cockroaches
  5 goblins
  6 hobgoblins
  3 kobolds (D:1)
  3 quokkas
  2 ball pythons (D:1)
  6 bats
  2 frilled lizards
  A quokka skeleton (D:4)
  6 rats
50 creatures vanquished.

Notes
Turn   | Place    | Note
-------+----------+-------------------------------------------
     0 | D:1      | Zeor the Deep Dwarf Berserker began the quest for the Orb.
     0 | D:1      | Reached XP level 1. HP: 20/20 MP: 1/1
   202 | D:1      | Reached XP level 2. HP: 18/27 MP: 2/2
   485 | D:1      | Reached ** piety under Trog
   586 | D:2      | Reached XP level 3. HP: 30/34 MP: 3/3
   667 | D:2      | Found an ornate altar of the Wu Jian Council.
   699 | D:2      | Identified the +7 whip "Cerudghiz" {vamp, rPois rC- MP+9}
  1121 | D:3      | Reached XP level 4. HP: 42/42 MP: 4/4
  1637 | D:4      | Noticed a scorpion
  1652 | D:4      | Killed a scorpion
  1653 | D:4      | Reached XP level 5. HP: 26/50 MP: 5/5
  1658 | D:4      | Reached skill level 1 in Maces & Flails
  1675 | D:3      | Slain by a gnoll sergeant

Illustrated notes

Levels and vault maps discovered:
D:1:      scummos_arrival_checkerplants, layout_loops_ring
D:2:      layout_rooms, basic_altar
D:3:      layout_rooms, patterned_corridor
D:4:      layout_rooms, elyvilon_altar_3, zin_academy, serial_bayou,
          serial_bayou_pond_b, serial_bayou_shore_b, serial_bayou_ford_a,
          serial_bayou_pond_b

Skill      XL: |  1  2  3  4  5 |
---------------+----------------+-----
Fighting       | 3 4 |  4.0
Axes           | 4 |  4.9
Maces & Flails | 1 |  1.0
Dodging        | 3 |  3.0
Armour         | |  2.4
Stealth        | |  0.1

Action                   |  1- 3 |  4- 6 || total
-------------------------+-------+-------++-------
Melee: Hand axe          |    68 |       ||    68
       Whip              |    17 |    42 ||    59
       Punch             |       |     1 ||     1
Invok: Berserk           |       |     1 ||     1
 Abil: Heal Wounds       |     1 |     1 ||     2
  Use: Scroll            |     7 |     4 ||    11
 Stab: Sleeping          |       |     1 ||     1
Armor: Animal skin       |    17 |     7 ||    24
Dodge: Dodged            |    53 |    22 ||    75
